 Dungeon Crawl Stone Soup version 0.20-a0-1039-gf554463 (webtiles) character file.

2564 Duffy the Blocker (level 9, 0/112 HPs)
             Began as a Naga Fighter on Apr 22, 2017.
             Was an Elder of the Shining One.
             Slain by Joseph
             ... wielding a +0 quarterstaff
              (7 damage)
             ... on level 7 of the Dungeon.
             The game lasted 00:09:03 (6514 turns).

Duffy the Blocker (Naga Fighter)                    Turns: 6514, Time: 00:09:04

Health: 0/112      AC:  9    Str: 27    XL:     9   Next: 57%
Magic:  9/9        EV:  6    Int:  9    God:    the Shining One [****..]
Gold:   348        SH: 12    Dex: 10    Spells: 8/8 levels left

rFire    + . .     SeeInvis +   a - +0 war axe
rCold    + . .     Gourm    .   c - +0 shield
rNeg     + + +     Faith    .   o - +2 chain mail {rN+}
rPois    +         Spirit   .   C - -2 hat of the Alchemist {rElec rPois rF+ rC+ rN+ MR+ rMut rCorr}
rElec    +         Reflect  .   (no cloak)
rCorr    +         Harm     .   b - +0 pair of gloves
rMut     +         Clarity  +   (no barding)
MR       ++...                  (no amulet)
Stlth    ..........             (no ring)
Regen    0.3/turn               (no ring)
MPRegen  0.2/turn

@: berserking, glowing, quick
A: see invisible, clarity, deformed body, poison resistance, slowness 2, slow
metabolism 1, spit poison 1, evolution 1, AC +3
a: Spit Poison, Divine Shield, Cleansing Flame, Renounce Religion


You were on level 7 of the Dungeon.
You worshipped the Shining One.
The Shining One was greatly pleased with you.
You were not hungry.

You visited 1 branch of the dungeon, and saw 7 of its levels.
You also visited: Ossuary.

You collected 348 gold pieces.

Inventory:

Hand Weapons
 a - a +0 war axe (weapon)
 F - a +1 flail of protection
Missiles
 E - 3 throwing nets (quivered)
Armour
 b - a +0 pair of gloves (worn)
 c - a +0 shield (worn)
 o - a +2 chain mail of positive energy (worn)
 C - the -2 hat of the Alchemist (worn) {rElec rPois rF+ rC+ rN+ MR+ rMut rCorr}
   (You found it on level 5 of the Dungeon)

   It protects you from fire.
   It protects you from cold.
   It insulates you from electricity.
   It protects you from poison.
   It protects you from negative energy.
   It affects your resistance to hostile enchantments.
   It protects you from acid and corrosion.
   It protects you from mutation.
Wands
 v - a wand of confusion (46/48)
Scrolls
 e - a scroll of fog
 g - 2 scrolls of fear
 h - 5 scrolls of teleportation
 n - a scroll of noise {unknown}
 t - a scroll of recharging
 x - a scroll of enchant armour {unknown}
 y - a scroll of remove curse
 B - a scroll of enchant weapon {unknown}
 D - a scroll of torment {unknown}
Potions
 d - 4 potions of might
 i - 2 potions of invisibility {unknown}
 j - 2 potions of degeneration {unknown}
 l - 2 potions of curing
 p - 2 potions of agility
 s - 2 potions of mutation
 u - a potion of magic {unknown}
 w - a potion of berserk rage
 z - 2 potions of flight {unknown}
 A - a potion of heal wounds {unknown}
 G - a potion of cancellation {unknown}
Comestibles
 f - a bread ration
 k - 5 royal jellies
 q - a meat ration
 r - 4 fruits


   Skills:
 - Level 3.0 Fighting
 + Level 5.4 Axes
 + Level 2.8 Armour
 - Level 10.0 Shields


You had 8 spell levels left.
You didn't know any spells.

Dungeon Overview and Level Annotations

Branches:
Dungeon (7/15)             Temple (0/1) D:6

Altars:
Fedhas
Qazlal
The Shining One

Shops:
D:6 [

Annotations:
D:7 Joseph


Innate Abilities, Weirdness & Mutations

You cannot wear boots.
Your serpentine skin is tough. (AC +3)
You have supernaturally acute eyesight. (SInv)
Armour fits poorly on your strangely shaped body.
Your system is resistant to poisons. (rPois)
You cover ground very slowly.
You have a slow metabolism.
You can spit poison.
You possess an exceptional clarity of mind.
You evolve.


Message History

You see here a sling bullet.
Joseph shoots a sling bullet.
The sling bullet hits you!
Joseph shoots a sling bullet.
The sling bullet hits you.
You see here 2 sling bullets.
Okay, then.
Okay, then.
You feel better.
As you read the scroll of teleportation, it crumbles to dust.
You feel strangely unstable.
Joseph shoots a sling bullet.
The sling bullet barely misses you.
Joseph shoots a sling bullet.
The sling bullet hits you!
You see here 2 sling bullets.
Your surroundings suddenly seem different.
A red film seems to cover your vision as you go berserk!
You feel yourself moving faster!
You feel mighty!
Joseph unwields an uncursed hunting sling.
Joseph wields an uncursed quarterstaff.
You block Joseph's attack.
You barely miss Joseph.
Joseph hits you with an uncursed quarterstaff!
You die...

##### ### ##### .....
#.. ...# #######
.....#.#####.## #......
###..#.##.((..###.#####
#....@%%.(##...##.#####
#.#..#@#####...........
# #.# #...##......
..............####......
##..####.###### ##.....
# .# #..... .# ##.### ..
#.# .. #.# ...


You could see Joseph.

Vanquished Creatures
  Pikel (D:4)
  2 ogres
  An elf zombie (Ossuary)
  A big kobold (D:6)
  A bullfrog (D:6)
  10 killer bees (D:7)
  3 crimson imps (D:6)
  4 centaur zombies (Ossuary)
  A quasit (D:5)
  2 bullfrog skeletons
  4 hounds
  A jelly (D:5)
  A centaur skeleton (D:6)
  2 human zombies (Ossuary)
  2 orc priests
  Ijyb (D:2)
  2 iguanas
  5 orc wizards
  4 worker ants
  A big kobold zombie (Ossuary)
  A hound skeleton (D:4)
  2 mummies (Ossuary)
  7 gnolls
  9 adders
  2 shadow imps (D:5)
  2 oozes
  An adder zombie (Ossuary)
  4 worms
  A dart slug (D:1)
  4 leopard geckos
  24 orcs
  3 ball pythons
  13 bats
  A giant cockroach (D:4)
  15 goblins
  6 hobgoblins
  4 jackals (D:1)
  4 quokkas
  5 frilled lizards
  A goblin zombie (Ossuary)
  8 hobgoblin zombies (Ossuary)
  A jackal skeleton (D:6)
  2 jackal zombies (Ossuary)
  13 kobolds
  11 kobold zombies (Ossuary)
  A leopard gecko zombie (D:5)
  6 orc zombies (Ossuary)
  A quokka skeleton (D:4)
  8 rats
  A plant (D:6)
210 creatures vanquished.

Vanquished Creatures (others)
  A slave (D:4)
  A worker ant (D:4)
  A jackal (D:4)
  A plant (D:6)
4 creatures vanquished.

Grand Total: 214 creatures vanquished

Notes
Turn   | Place    | Note
-------+----------+-------------------------------------------
     0 | D:1      | Duffy the Naga Fighter began the quest for the Orb.
     0 | D:1      | Reached XP level 1. HP: 21/21 MP: 1/1
   313 | D:1      | Reached XP level 2. HP: 21/28 MP: 2/2
   637 | D:1      | Reached skill level 3 in Shields
   846 | D:1      | Reached XP level 3. HP: 34/34 MP: 3/3
  1067 | D:1      | Found a glowing golden altar of the Shining One.
  1145 | D:1      | Became a worshipper of the Shining One
  1805 | D:2      | Noticed Ijyb
  1807 | D:2      | Reached * piety under the Shining One
  1809 | D:2      | Reached XP level 4. HP: 42/42 MP: 4/4
  1815 | D:2      | Reached skill level 4 in Shields
  1816 | D:2      | Killed Ijyb
  2399 | D:3      | Reached XP level 5. HP: 49/49 MP: 5/5
  2471 | D:3      | Found a stormy altar of Qazlal.
  2789 | D:4      | Reached skill level 5 in Shields
  2920 | D:4      | Reached XP level 6. HP: 27/56 MP: 6/6
  3042 | D:4      | Noticed a slave
  3043 | D:4      | Noticed Pikel
  3043 | D:4      | Noticed a slave
  3044 | D:4      | Noticed a slave
  3044 | D:4      | Noticed a slave
  3050 | D:4      | Killed Pikel
  3050 | D:4      | Reached skill level 7 in Shields
  3050 | D:4      | Reached XP level 7. HP: 37/62 MP: 7/7
  3069 | D:4      | Found a sand-covered staircase.
  3076 | Ossuary  | Entered an ossuary
  3166 | Ossuary  | Reached ** piety under the Shining One
  3247 | Ossuary  | Reached *** piety under the Shining One
  3402 | Ossuary  | Reached XP level 8. HP: 69/69 MP: 8/8
  3413 | Ossuary  | Reached skill level 8 in Shields
  3442 | Ossuary  | Reached **** piety under the Shining One
  3685 | Ossuary  | Gained mutation: You evolve. [potion of mutation]
  3685 | Ossuary  | Gained mutation: You possess an exceptional clarity of mind. [potion of mutation]
  4201 | D:5      | Entered Level 5 of the Dungeon
  4215 | D:5      | Found a blossoming altar of Fedhas.
  4284 | D:5      | Reached skill level 9 in Shields
  5039 | D:6      | Found a staircase to the Ecumenical Temple.
  5097 | D:6      | Reached XP level 9. HP: 66/75 MP: 9/9
  5473 | D:6      | Found Ului's Antique Armour Boutique.
  6129 | D:7      | Reached skill level 5 in Axes
  6454 | D:7      | Reached skill level 10 in Shields
  6507 | D:7      | Noticed Joseph
  6508 | D:7      | HP: 2/75 [Joseph/sling bullet (4)]
  6514 | D:7      | Slain by Joseph

Vault maps used:
D:1:      noname_arrival_rooms_in_the_neighbourhood, serial_park_tiny_2,
          tso_altar
D:2:      kennysheep_the_goblin_king
D:3:      overflow_temple_1_default, first_bread, grunt_decor_resistance
D:4:      minmay_opposing_rooms, chequers_ossuary_entry_cave, minivault_11,
          kennysheep_crisscross, uniq_pikel
D:5:      nicolae_overflow_crystal_walls
D:6:      minmay_temple_entry_purple_smoke, serial_shops,
          nicolae_shop_window_shopping, lexackson_kobold_supper
D:7:      gammafunk_temple_overflow_wave, uniq_joseph
Ossuary:  ossuary_tomb_1

Skill      XL: |  1  2  3  4  5  6  7  8  9 |
---------------+----------------------------+-----
Shields        | 3 4 5 7 9 10 | 10.0
Axes           | 3 5 |  5.4
Fighting       | |  3.0
Armour         | |  2.8

Action                   |  1- 3 |  4- 6 |  7- 9 || total
-------------------------+-------+-------+-------++-------
Melee: War axe           |   102 |   123 |   413 ||   638
 Abil: Spit Poison       |       |       |    18 ||    18
  Use: Scroll            |       |     4 |     7 ||    11
       Potion            |       |     1 |     5 ||     6
  Eat: Chunk             |     2 |     4 |     4 ||    10
       Bread ration      |       |       |     2 ||     2
Armor: Scale mail        |     7 |       |       ||     7
       Chain mail        |    52 |    90 |   199 ||   341
Dodge: Dodged            |    19 |    19 |    92 ||   130
Block: Shield            |    57 |    81 |   313 ||   451
